 Dungeon Crawl Stone Soup version 0.22.1-1-ga44c0e5 (webtiles) character file.

3669 schauveau the Cleaver (level 9, -6/79 HPs)
             Began as a Minotaur Fighter on Sept 25, 2018.
             Was an Elder of Okawaru.
             Mangled by Erolcha
             ... wielding a +0 giant club
              (8 damage)
             ... on level 9 of the Dungeon.
             The game lasted 00:13:41 (5729 turns).

schauveau the Cleaver (Minotaur Fighter)            Turns: 5729, Time: 00:13:42

Health: -6/79      AC: 17    Str: 24    XL:     9   Next: 89%
Magic:  8/8        EV:  2    Int:  5    God:    Okawaru [****..]
Gold:   456        SH:  0    Dex: 10    Spells: 8/8 levels left

rFire    . . .     SeeInvis .   a - +1 war axe
rCold    . . .     Gourm    .   (no shield)
rNeg     + + +     Faith    .   i - +0 plate armour
rPois    ∞         Spirit   .   (helmet restricted)
rElec    .         Reflect  .   q - +1 cloak
rCorr    .         Harm     .   m - +0 pair of gloves
MR       .....                  (no boots)
Stlth    ..........             w - amulet of magic regeneration
HPRegen  0.23/turn              h - ring of positive energy
MPRegen  0.36/turn              o - ring of flight

@: lethally poisoned (-6 -> -6), petrified
A: retaliatory headbutt, horns 2
a: Heroism, Renounce Religion, Evoke Flight


You were on level 9 of the Dungeon.
You worshipped Okawaru.
Okawaru was greatly pleased with you.
You were not hungry.

You visited 2 branches of the dungeon, and saw 10 of its levels.
You also visited: Bailey.

You collected 456 gold pieces.

Inventory:

Hand Weapons
 a - a +1 war axe (weapon)
 d - a +0 arbalest
 J - a +2 vampiric war axe
Missiles
 l - 46 poisoned needles
 r - 99 bolts
Armour
 c - a +0 shield
 i - a +0 plate armour (worn)
 m - a +0 pair of gloves (worn)
 q - a +1 cloak (worn)
Jewellery
 h - a ring of positive energy (left hand)
 o - a ring of flight (right hand)
 w - an amulet of magic regeneration (around neck)
Wands
 g - a wand of acid (4)
 v - a wand of paralysis (8)
 x - a wand of flame (22)
 F - a wand of random effects (25)
 I - a wand of digging (22)
 M - a wand of polymorph (10)
Scrolls
 j - a scroll of fog
 k - 2 scrolls of remove curse
 t - 4 scrolls of amnesia
 u - 5 scrolls of teleportation
 y - 2 scrolls of magic mapping
 G - a scroll of vulnerability {unknown}
 L - a scroll of blinking {unknown}
 N - a scroll of identify
Potions
 b - a potion of cancellation {unknown}
 e - 2 potions of ambrosia
 n - 2 potions of haste
 p - 2 potions of curing {unknown}
 s - a potion of agility {unknown}
 z - a potion of lignification {unknown}
 A - 2 potions of brilliance {unknown}
 B - a potion of berserk rage {unknown}
 D - a potion of degeneration {unknown}
 E - a potion of mutation {unknown}
 H - a potion of flight {unknown}
 K - a potion of invisibility {unknown}
Comestibles
 f - 7 rations


   Skills:
 - Level 7.0 Fighting
 * Level 13.7 Axes
 - Level 8.0 Armour
 - Level 3.7 Shields


You had 8 spell levels left.
You didn't know any spells.
Your spell library contained the following spells:

 Spells                   Type           Power        Failure   Level  Hunger
 Shock                    Conj/Air       #...         100%        1    ##.....
 Swiftness                Chrm/Air       #.......     100%        2    ###....
 Static Discharge         Conj/Air       #.......     100%        3    ####...
 Airstrike                Air            #.........   100%        4    #####..
 Lightning Bolt           Conj/Air       #.........   100%        5    ######.


Dungeon Overview and Level Annotations

Branches:
Dungeon (9/15)             Temple (1/1) D:4
   Lair: D:8-11         Orc: D:9-12

Altars:
Ashenzari
Gozag
Nemelex Xobeh
Okawaru
Qazlal
Trog
Wu Jian
Xom
Yredelemnul
The Shining One

Shops:
D:8 %

Annotations:
D:9 Erolcha


Innate Abilities, Weirdness & Mutations

You reflexively headbutt those who attack you in melee.
You have a pair of horns on your head.


Message History

You barely miss the crocodile. You barely miss the scorpion.
You closely miss the basilisk. You hit the wolf.
Your surroundings suddenly seem different.
Erolcha the Cunning comes into view.
She is wielding a giant club.
Erolcha shouts!
A howler monkey zombie comes into view.
The howler monkey zombie hits you.
* * * LOW HITPOINT WARNING * * *
You have turned to stone.
Erolcha hits you with a giant club!
* * * LOW HITPOINT WARNING * * *
The howler monkey zombie hits you but does no damage.
The howler monkey zombie hits you but does no damage.
Erolcha barely misses you.
The howler monkey zombie hits you but does no damage.
Erolcha hits you with a giant club!
* * * LOW HITPOINT WARNING * * *
The howler monkey zombie hits you but does no damage.
Erolcha hits you with a giant club!
You die...

######.###
#........#
#........#
#.........
#........#
.#####........#
......OZ......#
#.@......#
#####.####


You could see Erolcha and a howler monkey zombie.

Vanquished Creatures
  Psyche (D:8)
  A wyvern (D:8)
  Menkaure (D:4)
  2 orc warriors (Bailey)
  A sky beast (D:7)
  2 ice beasts
  2 black bears
  A necrophage (D:7)
  2 ogres
  A phantom (D:6)
  A wolf (D:9)
  A centaur (D:6)
  4 bullfrogs
  3 scorpions
  A wyvern zombie (D:8)
  3 wights (D:6)
  6 hounds
  A gnoll shaman (D:4)
  4 orc priests
  2 jellies (D:6)
  4 bullfrog skeletons
  6 orc wizards
  3 iguanas
  6 worker ants
  2 worker ant zombies
  21 gnolls
  8 adders
  2 shadow imps
  3 oozes
  An adder skeleton (D:8)
  A worm (D:3)
  2 dart slugs
  7 leopard geckos
  32 orcs
  2 ball pythons
  9 giant cockroaches
  10 goblins
  7 hobgoblins
  10 jackals
  7 kobolds
  5 quokkas
  7 bats
  6 frilled lizards
  A leopard gecko skeleton (D:6)
  A leopard gecko zombie (D:6)
  A quokka skeleton (D:6)
  4 rats
208 creatures vanquished.

Notes
Turn   | Place    | Note
-------+----------+-------------------------------------------
     0 | D:1      | schauveau the Minotaur Fighter began the quest for the Orb.
     0 | D:1      | Reached XP level 1. HP: 19/19 MP: 0/0
   137 | D:1      | Reached XP level 2. HP: 27/27 MP: 1/1
   144 | D:1      | Reached skill level 3 in Axes
   254 | D:1      | Reached XP level 3. HP: 33/33 MP: 2/2
   671 | D:4      | Noticed Menkaure
   674 | D:4      | Found a staircase to the Ecumenical Temple.
   675 | D:4      | Killed Menkaure
   675 | D:4      | Reached skill level 4 in Axes
   675 | D:4      | Reached XP level 4. HP: 25/41 MP: 3/3
   675 | D:4      | Reached XP level 5. HP: 29/47 MP: 4/4
   682 | Temple   | Entered the Ecumenical Temple
   756 | Temple   | Became a worshipper of Warmaster Okawaru
   774 | D:4      | Reached skill level 5 in Axes
  1026 | D:2      | Reached skill level 5 in Armour
  1182 | D:1      | Reached skill level 5 in Fighting
  1949 | D:3      | Reached XP level 6. HP: 56/56 MP: 5/5
  2204 | D:4      | Reached skill level 6 in Axes
  2268 | D:4      | Found an iron altar of Okawaru.
  2396 | D:5      | Entered Level 5 of the Dungeon
  2425 | D:4      | Reached XP level 7. HP: 60/62 MP: 6/6
  2465 | D:4      | Reached * piety under Okawaru
  2488 | D:4      | Reached skill level 7 in Axes
  3402 | D:5      | Reached skill level 8 in Axes
  3551 | D:5      | Reached XP level 8. HP: 69/71 MP: 7/7
  3707 | D:6      | Reached ** piety under Okawaru
  3707 | D:6      | Reached skill level 9 in Axes
  4421 | D:7      | Reached skill level 10 in Axes
  4462 | D:7      | Reached XP level 9. HP: 67/79 MP: 8/8
  4508 | D:8      | Reached *** piety under Okawaru
  4508 | D:8      | Reached skill level 11 in Axes
  4678 | D:8      | Found a flagged portal.
  4711 | Bailey   | Entered a bailey
  4711 | Bailey   | Noticed an orc knight
  4713 | Bailey   | Noticed an orc knight
  4740 | Bailey   | Reached skill level 12 in Axes
  4790 | Bailey   | Noticed an orc knight
  5265 | D:8      | Found a basalt altar of Yredelemnul.
  5318 | D:8      | Reached **** piety under Okawaru
  5396 | D:8      | Noticed Psyche
  5406 | D:8      | Killed Psyche
  5406 | D:8      | Reached skill level 13 in Axes
  5427 | D:8      | Found Duofoval's Food Emporium.
  5724 | D:9      | Noticed Erolcha
  5728 | D:9      | HP: 2/79 [Erolcha/giant club (5)]
  5729 | D:9      | Mangled by Erolcha

Skill      XL: |  1  2  3  4  5  6  7  8  9 |
---------------+----------------------------+-----
Axes           | 3 4 5 6 8 10 13 | 13.7
Fighting       | 4 5 6 7 |  7.0
Armour         | 4 5 6 8 |  8.0
Shields        | |  3.7

Action                   |  1- 3 |  4- 6 |  7- 9 || total
-------------------------+-------+-------+-------++-------
Melee: War axe           |    80 |   116 |   370 ||   566
       Headbutt          |    16 |    21 |    79 ||   116
 Fire: Arbalest          |       |       |     4 ||     4
Evoke: Wand              |       |       |     1 ||     1
  Use: Potion            |     1 |       |     2 ||     3
       Scroll            |       |     3 |    10 ||    13
  Eat: Chunk             |       |     5 |     5 ||    10
       Ration            |       |       |     2 ||     2
Armor: Plate armour      |    66 |   124 |   309 ||   499
       Scale mail        |     6 |       |       ||     6
Dodge: Dodged            |    31 |    40 |   110 ||   181
Block: Shield            |     9 |       |       ||     9
